 Dungeon Crawl Stone Soup version 0.28-a0-519-gbfeecf2fc5 (webtiles) character file.

Game seed: 1002332009743728277

149 speeev33 the Covered (level 5, -2/34 HPs)
             Began as a Gargoyle Fighter on Sept 23, 2021.
             Slain by a lemure (5 damage)
             ... led by Pikel
             ... on level 3 of the Dungeon.
             The game lasted 00:05:52 (4750 turns).

speeev33 the Covered (Gargoyle Fighter)             Turns: 4750, Time: 00:05:53

Health: -2/34      AC: 14    Str: 21    XL:     5   Next: 31%
Magic:  5/5        EV:  7    Int:  8    God:
Gold:   149        SH:  4    Dex:  9    Spells: 4/4 levels left

rFire   . . .      SeeInvis .   a - +1 flail
rCold   . . .      Faith    .   c - +0 buckler
rNeg    + . .      Spirit   .   n - +0 chain mail
rPois   ∞          Reflect  .   (no helmet)
rElec   +          Harm     .   (no cloak)
rCorr   .          Rampage  .   (no gloves)
Will    .....                   f - +0 pair of boots
Stlth   ..........              (no amulet)
HPRegen 0.11/turn               i - ring of flight
MPRegen 0.09/turn               (no ring)

@: mighty, flying
A: sickness immunity, AC +4, negative energy resistance 1, electricity
resistance, torment resistance 1, petrification resistance
a: no special abilities


You were on level 3 of the Dungeon.
You visited 1 branch of the dungeon, and saw 4 of its levels.

You collected 149 gold pieces.

Inventory:

Hand Weapons
 a - a +1 flail (weapon)
Armour
 c - a +0 buckler (worn)
 f - a +0 pair of boots (worn)
 n - a +0 chain mail (worn)
Jewellery
 i - a ring of flight (left hand)
Wands
 j - a wand of paralysis (6)
Scrolls
 k - a scroll of amnesia
 m - a scroll of identify
Potions
 d - a potion of might
 e - a potion of haste
 g - 2 potions of magic {unknown}
 h - 3 potions of heal wounds
 l - a potion of lignification {unknown}


   Skills:
 + Level 4.3 Fighting
 + Level 3.2 Maces & Flails
 + Level 4.3 Armour
 - Level 4.0 Shields


You had 4 spell levels left.
You didn't know any spells.
Your spell library contained the following spells:

 Spells                   Type           Power      Damage    Failure   Level
 Stone Arrow              Conj/Erth      0%         3d7       100%        3
 Animate Armour           Summ/Erth      0%         N/A       100%        4
 Lehudib's Crystal Spear  Conj/Erth      0%         10d2      100%        8


Dungeon Overview and Level Annotations

Branches:
Dungeon (4/15)
 Temple: D:4-7

Altars:
Sif Muna

Annotations:
D:3 2 transporters, Pikel; timneilson's ghost, amateur GrFi


Innate Abilities, Weirdness & Mutations

You are immune to sickness and miasma.
Your stone body is resilient. (AC +4)
You are immune to poison.
You resist negative energy. (rN+)
You are resistant to electric shocks. (rElec)
You are resistant to unholy torment.
You are immune to petrification.


Message History

You stop sporulating.
Your +1 flail unmelds from your body.
Your +0 pair of boots unmelds from your body.
Your +0 buckler unmelds from your body.
Your +0 chain mail unmelds from your body.
You start waiting.
Done waiting.
You fly downwards.
Level annotation: Pikel The lemure completely misses you.
The lemure hits you but does no damage. The lemure closely misses you.
There is a stone staircase leading up here.
You feel very mighty all of a sudden.
The lemure hits you but does no damage. x2
You barely miss the lemure.
The lemure hits you but does no damage. x2
You thump the lemure!
The lemure is heavily wounded.
The lemure hits you.
The lemure hits you but does no damage. x2
Your chain mail prevents you from hitting the lemure.
The lemure is heavily wounded.
You block the lemure's attack. The lemure hits you. x2
The lemure hits you but does no damage. The lemure hits you.
You fly upwards.
Level annotation: 2 transporters, timneilson's ghost, amateur GrFi
There is a stone staircase leading down here.
You thump Pikel!
Pikel is moderately wounded.
Pikel hits you with a +2 whip of electrocution.
The lemure hits you but does no damage. The lemure hits you.
Pikel hits you with a +2 whip of electrocution!
* * * LOW HITPOINT WARNING * * *
The lemure hits you but does no damage.
You sock Pikel!
Pikel is heavily wounded.
The lemure barely misses you. Pikel hits you but does no damage.
The lemure hits you but does no damage.
You hit Pikel.
Pikel is severely wounded.
The lemure hits you.
You die...

#########.# #######
#.........### #......
#.........(.# #.#####
##.#.###..#.# #.# #.
#.#.#.#..#.# ############.####.
#.#.#.#..#.# #.................
#.#.#....#.###.##########.#####
#.#.#.#.##..##5##########.#####
#.#.#....#..##@K...............
#.#)#.#..#..##5..#####.#..#+###
#.#.#.#..#..##.................
#.#.#.#..#...+.................
#.#......#..##...#####.#.......
#.#.#.#..#..##...# #.##......
#.#.#.#.##..##.### #.##...÷..
#.....#.##..##.# #.##.#'###
#...........##.## #.##.#....


You could see Pikel and 2 lemures.

Vanquished Creatures
  A lemure (D:3)
  A bullfrog skeleton (D:4)
  An iguana (D:4)
  3 adders
  2 dart slugs (D:2)
  2 orcs
  8 endoplasms
  2 giant cockroaches
  6 goblins
  3 hobgoblins
  2 jackals (D:3)
  5 quokkas
  5 ball pythons
  3 bats
  6 frilled lizards
  4 kobolds
  5 rats
59 creatures vanquished.

Notes
Turn   | Place    | Note
-------+----------+-------------------------------------------
     0 | D:1      | speeev33 the Gargoyle Fighter began the quest for the Orb.
     0 | D:1      | Reached XP level 1. HP: 14/14 MP: 1/1
   207 | D:1      | Reached XP level 2. HP: 18/19 MP: 2/2
  1027 | D:2      | Reached XP level 3. HP: 24/24 MP: 3/3
  1445 | D:2      | Found a faded altar of an unknown god.
  1722 | D:2      | Reached XP level 4. HP: 27/29 MP: 4/4
  1817 | D:3      | Found a transporter.
  1818 | D:3      | Noticed timneilson's ghost (amateur GrFi)
  1819 | D:3      | Found a transporter.
  2300 | D:3      | Found a shimmering blue altar of Sif Muna.
  3242 | D:4      | Reached XP level 5. HP: 33/33 MP: 5/5
  3260 | D:4      | Noticed a lemure
  3261 | D:4      | Noticed Pikel
  3262 | D:4      | Noticed a lemure
  3263 | D:4      | Noticed a lemure
  3263 | D:4      | Noticed a lemure
  3877 | D:3      | Killed a lemure
  4750 | D:3      | Slain by a lemure

Illustrated notes

Levels and vault maps discovered:
D:1:      dpeg_arrival_connections, layout_basic, amethyst_killhole,
          minmay_tetromino_l2
D:2:      layout_basic, basic_ecumenical_altar
D:3:      layout_basic, nicolae_sif_muna_condensation,
          gammafunk_ghost_mausoleum, chequers_serial_rivers_micro_c,
          kennysheep_generic_room_6
D:4:      layout_basic, serial_co_window_serial, co_window_paths_b,
          co_window_corner_a, co_window_of_opportunity_a, co_window_paths_a,
          co_window_paths_a, co_window_corner_a, co_window_of_opportunity_a,
          co_window_unsneaky_path_e, co_window_broadway_c, co_window_broadway_b,
          co_window_sun, glass_columns_b, glass_columns_c, glass_columns_a,
          glass_columns_a, glass_columns_a, minmay_misc_feat_cross,
          kennysheep_small_spiral, uniq_pikel

Skill      XL: |  1  2  3  4 |
---------------+-------------+-----
Fighting       | 4 |  4.3
Armour         | 4 |  4.3
Shields        | 4 |  4.0
Maces & Flails | 3 |  3.2

Action                   |  1- 3 |  4- 6 || total
-------------------------+-------+-------++-------
Melee: Flail             |   112 |   125 ||   237
Evoke: Wand              |       |     1 ||     1
  Use: Scroll            |     3 |     3 ||     6
       Potion            |       |     1 ||     1
 Stab: Paralysed         |       |     2 ||     2
Armor: Scale mail        |    59 |    55 ||   114
       Chain mail        |       |    15 ||    15
       Skin              |       |     1 ||     1
Dodge: Dodged            |    48 |    72 ||   120
Block: Buckler           |    22 |    35 ||    57

Table legend: (Time is in decaauts)
 A = Elapsed time spent in this place.
 B = Non-inter-level travel time spent in this place.
 C = Inter-level travel time spent in this place.
 D = Time resting spent in this place.
 E = Time spent auto-exploring this place.
 F = Levels seen in this place.
 G = Mean time per level.
                   A        B        C        D        E       F      G
               +--------+--------+--------+--------+--------+-----+--------+
         Total |   4802 |   4643 |    159 |    941 |   2738 |   4 | 1200.5 |
       Dungeon |   4802 |   4643 |    159 |    941 |   2738 |   4 | 1200.5 |
               +--------+--------+--------+--------+--------+-----+--------+

Top non-repeatable levels by time:
     D:3: 1609 daAuts
     D:4: 1155 daAuts
     D:2: 1139 daAuts
     D:1: 899 daAuts
